 Dungeon Crawl Stone Soup version 0.30-a0-672-gc3a7216ad8 (webtiles) character file.

Game seed: 2891730132384634763

36 lunkers the Cudgeller (level 3, -1/31 HPs)
             Began as a Meteoran Fighter on Jan 18, 2023.
             Slain by a kobold
             ... wielding a +0 short sword
              (4 damage)
             ... on level 3 of the Dungeon.
             The game lasted 00:02:02 (673 turns).

lunkers the Cudgeller (Meteoran Fighter)             Turns: 673, Time: 00:02:02

Health: -1/31      AC:  6    Str: 19    XL:     3   Next: 82%
Magic:  4/4        EV:  9    Int:  9    God:
Gold:   96         SH:  5    Dex: 14    Spells: 2/2 levels left

rFire   . . .      SeeInvis .    a - +0 flail
rCold   . . .      Faith    .    c - +0 buckler
rNeg    . . .      Spirit   .    b - +0 scale mail
rPois   +          Reflect  .    (no helmet)
rElec   .          Harm     .    (no cloak)
rCorr   .          Rampage  .    (no gloves)
Will    .....                    (no boots) Stlth
                                 (no amulet)
HPRegen 0.25/turn                n - ring of poison resistance
MPRegen 0.09/turn                (no ring)

@: glowing
A: sense surroundings 1, otherworldly, glowing, explore regen
a: no special abilities


You were on level 3 of the Dungeon.
You visited 1 branch of the dungeon, and saw 3 of its levels.

You collected 96 gold pieces.

Inventory:

Hand Weapons
 a - a +0 flail (weapon)
 j - a +2 short sword of draining
Armour
 b - a +0 scale mail (worn)
 c - a +0 buckler (worn)
Jewellery
 n - a ring of poison resistance (left hand)
Scrolls
 e - a scroll of poison {unknown}
 g - a scroll of noise {unknown}
 i - 2 scrolls of teleportation {unknown}
 k - 2 scrolls of identify {unknown}
 l - a scroll of amnesia {unknown}
 m - a scroll of enchant armour {unknown}
 o - a scroll of immolation {unknown}
Potions
 d - a potion of might
 f - a potion of flight {unknown}
 h - a potion of brilliance {unknown}


   Skills:
 - Level 3.2 Fighting
 + Level 5.0 Maces & Flails
 - Level 3.6 Armour
 - Level 3.6 Shields


You had 2 spell levels left.
You didn't know any spells.
Your spell library contained the following spells:

 Spells                   Type           Power      Damage    Failure   Level
 Foxfire                  Conj/Fire      0%         2x1d4     83%         1
 Vhi's Electric Charge    Tloc/Air       0%         N/A       99%         3
 Animate Dead             Necr           0%         N/A       100%        4
 Arcjolt                  Conj/Air       0%         1d10      100%        5
 Borgnjor's Vile Clutch   Necr/Erth      0%         N/A       100%        5
 Fireball                 Conj/Fire      0%         3d3       100%        5
 Death Channel            Necr           0%         N/A       100%        6
 Starburst                Conj/Fire      0%         6d3       100%        6
 Maxwell's Capacitive Co  Air            0%         ∞         100%        8


Dungeon Overview and Level Annotations

Branches:
Dungeon (3/15) Zot: 1109

Altars:


Innate Abilities, Weirdness & Mutations

You passively map a small area around you.
You are easily found by Zot.
You glow in the dark.
You regain HP and MP as you explore.


Message History

* * * LOW HITPOINT WARNING * * *
You block the kobold's attack.
The white imp hits you but does no damage.
You hit the white imp but do no damage.
The white imp is heavily wounded.
You block the quokka's attack. The kobold hits you but does no damage.
You block the white imp's attack. The quokka bites you.
* * * LOW HITPOINT WARNING * * *
You hit the white imp.
The white imp is severely wounded.
The kobold hits you with a +0 short sword.
* * * LOW HITPOINT WARNING * * *
The white imp hits you but does no damage.
You block the quokka's attack.
You thump the white imp!
You kill the white imp!
The quokka barely misses you. You block the kobold's attack.
The quokka bites you.
* * * LOW HITPOINT WARNING * * *
The kobold hits you but does no damage.
Your Maces & Flails skill increases to level 5!
You hit the quokka.
The quokka is lightly wounded.
The quokka barely misses you. The kobold barely misses you.
You closely miss the quokka.
The quokka is lightly wounded.
The quokka closely misses you.
The kobold hits you with a +0 short sword.
* * * LOW HITPOINT WARNING * * *
You hit the quokka.
The quokka is severely wounded.
The quokka barely misses you.
The kobold hits you with a +0 short sword.
* * * LOW HITPOINT WARNING * * *
The quokka completely misses you.
You miss the quokka.
The quokka is severely wounded.
The quokka bites you but does no damage.
The kobold hits you with a +0 short sword.
You die...

..#..########.#...#
#..# #.# ..#..#
#.#.#######.(# #.#
..#..#
#.#......##..# #.#
..#..#
,#..###.##..###'####
..#..# * * *,#..#
#.##..#.......
..#... , , #..#
#.##..#.......
..#.##* *
*#..###.##..........
..#.
,#..#......##.......
*,
#.@#########.......
, ,......rK#
#....... ....###..
#....... , ...
,...#* ######## ##,
....,, , ,,, , ,
....## ,, , * ....#
* , #....#* '* *


You could see a quokka and a kobold.

Vanquished Creatures
  A white imp (D:3)
  2 dart slugs (D:2)
  An orc (D:3)
  3 ball pythons
  2 endoplasms (D:2)
  2 giant cockroaches (D:1)
  2 goblins
  2 hobgoblins
  3 bats
  2 frilled lizards
  2 kobolds
  A rat (D:1)
23 creatures vanquished.

Notes
Turn   | Place    | Note
-------+----------+-------------------------------------------
     0 | D:1      | lunkers the Meteoran Fighter began the quest for the Orb.
     0 | D:1      | Reached XP level 1. HP: 19/19 MP: 2/2
    45 | D:1      | Reached skill level 3 in Maces & Flails
    97 | D:1      | Reached XP level 2. HP: 25/26 MP: 3/3
   234 | D:2      | Reached skill level 4 in Maces & Flails
   325 | D:2      | Reached XP level 3. HP: 31/31 MP: 4/4
   670 | D:3      | Reached skill level 5 in Maces & Flails
   673 | D:3      | Slain by a kobold

Illustrated notes

Levels and vault maps discovered:
D:1:      dpeg_arrival_renting, layout_rooms
D:2:      layout_basic, serial_rivers, chequers_serial_rivers_marsh,
          chequers_serial_rivers_small_3, chequers_serial_rivers_micro_b,
          chequers_serial_rivers_small_a, basic_altar, minmay_pentomino_z4
D:3:      layout_basic, uniq_jessica, uniq_robin

Skill      XL: |  1  2  3 |
---------------+----------+-----
Maces & Flails | 3 4 5 |  5.0
Fighting       | |  3.2
Armour         | |  3.6
Shields        | |  3.6

Action                   || total
-------------------------++-------
Melee: Flail             ||    65
Armor: Scale mail        ||    31
Dodge: Dodged            ||    30
Block: Buckler           ||    18

Table legend: (Time is in decaauts)
 A = Elapsed time spent in this place.
 B = Non-inter-level travel time spent in this place.
 C = Inter-level travel time spent in this place.
 D = Time resting spent in this place.
 E = Time spent auto-exploring this place.
 F = Levels seen in this place.
 G = Mean time per level.
                   A        B        C        D        E       F      G
               +--------+--------+--------+--------+--------+-----+--------+
         Total |    689 |    689 |      0 |      0 |    473 |   3 |  229.7 |
       Dungeon |    689 |    689 |      0 |      0 |    473 |   3 |  229.7 |
               +--------+--------+--------+--------+--------+-----+--------+

Top non-repeatable levels by time:
     D:2: 254 daAuts
     D:3: 224 daAuts
     D:1: 210 daAuts
